Map: Orbital Shipyard

Players

AnnaProsser

  • Race: Zerg Zerg
  • League: Grandmaster

Hootie

  • Race: Zerg Zerg
  • League: Grandmaster

Phaggai - Winner!

  • Race: Zerg Zerg
  • League: Grandmaster

Zerg - Winner!

  • Race: Zerg Zerg
  • League: Grandmaster

VOD

Have the link to the VOD?

Description

Time

  • Played on: Sept. 19, 2015, 12:14 a.m.
  • Length: 8:48
Show
View Real Time Build Order
Export as new Build Order

AnnaProsser Zerg 

Build Orders: Pool First 

Get SALT Encoding   

  12  0:01  Drone  
  13  0:09  Drone  
  14  0:15  Extractor  
  14  0:19  Drone, Extractor  
  15  0:25  Overlord  
  15  0:43  Drone  
  15  0:44  Drone  
  15  0:48  Drone  
  18  0:57  Spawning Pool  
  18  1:03  Drone  
  18  1:24  Hatchery  
  17  1:28  Drone x3  
  20  1:43  Extractor  
  20  1:46  Queen  
  21  1:47  Zergling x2  
  22  1:57  Overlord  
  21  2:11  Drone  
  22  2:17  Overlord  
  22  2:22  Queen  
  24  2:34  Roach Warren  
  23  2:40  Drone x2  
  23  2:41  Drone  
  26  2:55  Drone x3  
  26  2:56  Drone x3  
  32  3:12  Drone x3  
  35  3:21  Roach x2  
  39  3:33  Roach x2  
  43  3:39  Lair  
  43  3:51  Drone  
  43  3:52  Extractor  
  43  3:53  Overlord x2  
  43  3:54  Drone  
  44  3:57  Overlord, Extractor x2  
  44  3:58  Drone x2  
  44  4:15  Drone x7  
  44  4:16  Drone x5  
  56  4:48  Hydralisk Den  
  55  4:57  Queen  
  55  4:58  Queen  
  55  4:59  Overlord x2  
  59  5:02  Lurker Den  
  59  5:05  Hatchery  
  58  5:09  Roach  
  60  5:15  Glial Reconstitution  
  60  5:18  Hydralisk x6  
  60  5:19  Hydralisk  
  74  5:24  Overseer  
  73  5:43  Roach  
  73  5:44  Overlord x5  
  75  5:59  Evolution Chamber x2  
  73  6:08  Roach  
  73  6:09  Roach x7  
  73  6:11  Roach  
  85  6:17  Roach x2  
  81  6:19  Roach  
  81  6:22  Roach  
  85  6:29  Drone x2  
  85  6:30  Drone x2  
  89  6:42  Drone x7  
  89  6:46  Zerg Missile Weapons Level 1  
  96  7:01  Lurker x2  
  98  7:07  Overseer  
  98  7:13  Drone  
  98  7:14  Drone x8  
  98  7:15  Drone x3  
  110  7:17  Extractor  
  110  7:19  Extractor  
  110  7:21  Overlord x2  
  108  7:37  Drone  
  108  7:38  Drone x4  
  108  7:39  Drone  
  108  7:41  Overlord  
  108  7:42  Overlord  
  114  7:52  Roach x4  
  114  7:56  Overlord x2  
  114  7:57  Overlord x2  
  114  7:58  Overlord x3  
  122  8:08  Hydralisk x3  
  122  8:09  Hydralisk  
  122  8:22  Roach x5  
  122  8:23  Roach  
  122  8:25  Roach x2  
Show
View Real Time Build Order
Export as new Build Order

Hootie Zerg 

Build Orders: Pool First 

Get SALT Encoding   

  12  0:01  Drone  
  13  0:08  Drone  
  14  0:19  Extractor  
  14  0:20  Drone, Extractor  
  14  0:21  Drone  
  16  0:29  Overlord  
  16  0:41  Spawning Pool  
  15  0:47  Drone  
  15  0:48  Drone  
  17  0:56  Drone  
  18  1:16  Hatchery  
  18  1:18  Drone x2  
  19  1:22  Extractor  
  18  1:28  Zergling x2  
  18  1:32  Queen  
  21  1:46  Drone  
  22  1:55  Overlord  
  22  2:14  Drone x2  
  24  2:21  Queen  
  24  2:22  Overlord  
  26  2:27  Metabolic Boost  
  26  2:31  Drone, Roach Warren  
  26  2:37  Drone  
  26  2:38  Queen  
  26  2:40  Drone  
  26  2:43  Drone  
  30  2:47  Drone  
  30  2:50  Drone  
  32  2:53  Drone  
  32  2:55  Drone  
  34  2:58  Drone  
  34  3:04  Drone  
  34  3:05  Drone  
  37  3:12  Lair  
  37  3:13  Drone  
  37  3:17  Drone x2  
  40  3:22  Extractor  
  39  3:31  Drone x4  
  43  3:36  Evolution Chamber, Drone  
  43  3:48  Drone  
  43  3:52  Overlord x2, Extractor  
  43  3:53  Overlord  
  43  3:54  Zergling x2, Extractor  
  43  4:01  Drone  
  44  4:05  Zerg Ground Armor Level 1  
  44  4:23  Roach x5  
  54  4:28  Drone x5  
  54  4:29  Drone  
  60  4:34  Drone x3  
  63  4:40  Drone  
  63  4:42  Glial Reconstitution  
  63  4:51  Evolution Chamber, Roach x2  
  63  4:52  Roach  
  68  5:06  Overlord  
  68  5:09  Hatchery  
  68  5:11  Overlord  
  68  5:12  Overlord x2, Hydralisk Den  
  66  5:16  Drone x2  
  66  5:18  Zerg Missile Weapons Level 1  
  68  5:30  Drone x5, Ravager  
  68  5:31  Drone x4, Ravager x2  
  68  5:34  Ravager  
  81  5:49  Drone x4  
  85  5:57  Muscular Augments  
  85  6:02  Drone x6  
  85  6:03  Drone x2  
  93  6:10  Zerg Ground Armor Level 2  
  89  6:12  Roach  
  89  6:15  Extractor  
  86  6:20  Extractor  
  86  6:23  Hydralisk x2  
  77  6:38  Hydralisk x3  
  83  6:43  Queen  
  83  6:45  Overseer  
  85  6:51  Hydralisk x3  
  85  6:53  Zergling x14  
  98  6:58  Overlord x4  
  98  7:03  Lurker Den  
  98  7:18  Hydralisk  
  98  7:19  Hydralisk x2  
  98  7:21  Zergling x10  
  98  7:22  Zergling x2  
  110  7:41  Hydralisk x5  
  110  7:42  Zergling x2  
  110  7:43  Zergling x10  
  126  8:03  Roach x2  
  126  8:04  Overlord x3  
  126  8:05  Overlord x4  
  128  8:21  Hatchery  
  128  8:24  Infestation Pit  
  119  8:29  Drone x2  
  119  8:30  Drone x3  
Show
View Real Time Build Order
Export as new Build Order

Phaggai Zerg - Winner!

Build Orders:  

Get SALT Encoding   

Show
View Real Time Build Order
Export as new Build Order

Zerg Zerg - Winner!

Build Orders:  

Get SALT Encoding   

Tags
 
Add a new tag
Caveats
  • Supply blocks, unpowered buildings, or Contaminate may cause inaccurate times.
  • Supply counts are checked every 10 seconds.